Map: Orbital Shipyard

Players

xKawaiian - Winner!

  • Race: Terran Terran
  • League: Master

IIIIIIIIIIII

  • Race: Protoss Protoss
  • League: Master

VOD

Have the link to the VOD?

Description

Time

  • Played on: Jan. 12, 2016, 8:17 p.m.
  • Length: 10:22
Show
View Real Time Build Order
Export as new Build Order

xKawaiian Terran - Winner!

Build Orders: Reaper Expand 

Get SALT Encoding   

  12  0:00  SCV  
  13  0:12  SCV  
  14  0:17  Supply Depot  
  14  0:25  SCV  
  15  0:39  SCV, Barracks  
  16  0:45  Refinery  
  16  0:51  SCV  
  17  1:03  SCV  
  18  1:19  SCV  
  19  1:29  Reaper  
  19  1:31  Orbital Command  
  20  1:41  Command Center  
  20  1:57  SCV  
  20  2:01  Barracks Reactor  
  21  2:04  Supply Depot  
  21  2:07  Barracks  
  21  2:10  SCV  
  22  2:21  Barracks  
  22  2:22  SCV  
  23  2:34  SCV  
  24  2:38  Marine  
  24  2:39  Marine  
  24  2:42  Bunker  
  26  2:46  SCV  
  27  2:56  Engineering Bay, Marine x2  
  27  2:57  Marine  
  27  2:58  SCV  
  31  3:09  Orbital Command  
  31  3:12  Marine  
  31  3:14  Marine x2  
  34  3:26  Missile Turret  
  34  3:27  Barracks Tech Lab  
  34  3:30  Marine  
  34  3:32  SCV, Marine x2  
  34  3:33  Refinery  
  38  3:39  Factory  
  38  3:44  SCV  
  38  3:47  SCV  
  38  3:48  Marine  
  40  3:50  Marine  
  40  3:54  Marine x2  
  44  3:56  SCV  
  44  3:59  SCV  
  45  4:06  Marine  
  45  4:08  Missile Turret  
  46  4:10  Stimpack  
  46  4:16  Supply Depot  
  46  4:23  Starport, Factory Reactor  
  46  4:34  Supply Depot  
  46  4:37  SCV x2, Marine x4  
  52  4:42  Supply Depot  
  52  4:49  SCV  
  53  4:53  SCV  
  53  4:55  Marine x2  
  56  5:02  SCV  
  56  5:05  SCV  
  58  5:09  Medivac x2  
  62  5:15  Command Center  
  62  5:16  SCV  
  62  5:17  Marine  
  62  5:18  Marine  
  65  5:22  Supply Depot  
  65  5:23  SCV  
  65  5:28  Marine x2  
  68  5:35  Marine  
  69  5:36  Marine  
  69  5:40  Supply Depot  
  69  5:41  Supply Depot  
  70  5:43  SCV x2, Factory Reactor  
  70  5:46  Barracks Tech Lab  
  70  5:48  Medivac x2  
  70  5:49  Marine  
  77  5:55  SCV  
  77  5:56  Supply Depot, Marine  
  78  6:01  Marine  
  78  6:03  Supply Depot  
  79  6:08  Marauder, Marine  
  79  6:09  Bunker  
  82  6:14  Marine  
  82  6:18  Medivac  
  85  6:19  Marine  
  85  6:26  Barracks, Marauder  
  85  6:30  Barracks, Marauder  
  85  6:31  Marine  
  90  6:37  Marine  
  91  6:41  Medivac  
  91  6:46  Terran Infantry Weapons Level 1  
  91  6:47  Marine  
  91  6:48  Orbital Command  
  91  6:49  Marine  
  91  6:51  Marauder  
  95  6:55  Marine  
  95  6:57  Bunker  
  93  7:05  Marauder, Widow Mine x2  
  93  7:07  Marine  
  100  7:12  Marauder  
  101  7:19  Marine  
  101  7:20  Barracks Tech Lab x2  
  102  7:25  Refinery, Marine  
  102  7:26  Refinery  
  102  7:27  Marauder  
  105  7:33  Marine  
  105  7:36  Marine  
  104  7:48  Marauder  
  104  7:49  Marauder, Marine  
  102  8:00  Marine  
  102  8:01  Marauder  
  102  8:03  Marauder  
  103  8:07  Marine  
  102  8:14  Marine  
  102  8:15  Marauder  
  102  8:18  Marine  
  104  8:22  Marauder  
  104  8:24  Marine x2  
  104  8:32  Marine  
  104  8:36  Marine x2  
  103  8:47  SCV x2  
  105  8:49  SCV  
  105  8:55  Marine  
  108  8:56  Marauder  
  108  8:59  SCV  
  108  9:00  SCV  
  108  9:01  SCV  
  111  9:04  Marine  
  111  9:07  Marine x2  
  114  9:11  SCV  
  114  9:12  SCV  
  114  9:13  SCV  
  114  9:17  Marauder, Marine  
  113  9:21  Supply Depot  
  113  9:22  Supply Depot  
  113  9:24  SCV  
  117  9:26  Refinery  
  117  9:41  Marine  
  117  9:42  Marine x4  
  117  9:43  SCV x3, Marauder, Medivac  
  126  9:55  SCV x3  
  126  9:56  Supply Depot  
  130  10:00  Marine x2  
  130  10:04  Armory  
  130  10:07  SCV x3  
  130  10:10  Engineering Bay  
Show
View Real Time Build Order
Export as new Build Order

IIIIIIIIIIII Protoss 

Build Orders: Oracle Opening 

Get SALT Encoding   

  12  0:02  Probe (Chrono Boost)  
  13  0:12  Probe (Chrono Boost)  
  14  0:18  Pylon  
  14  0:23  Probe (Chrono Boost)  
  15  0:36  Probe (Chrono Boost), Gateway  
  16  0:43  Assimilator  
  16  0:46  Probe (Chrono Boost)  
  17  0:51  Assimilator  
  18  0:57  Probe (Chrono Boost)  
  18  1:07  Probe (Chrono Boost)  
  19  1:18  Probe (Chrono Boost)  
  20  1:23  Cybernetics Core  
  20  1:29  Probe (Chrono Boost)  
  21  1:39  Probe (Chrono Boost)  
  22  1:40  Pylon  
  22  1:50  Probe (Chrono Boost)  
  23  2:01  Probe (Chrono Boost)  
  24  2:02  Stargate  
  24  2:03  Adept  
  24  2:04  Warp Gate  
  28  2:16  Mothership Core (Chrono Boost)  
  30  2:38  Nexus  
  30  2:42  Pylon  
  28  2:47  Oracle (Chrono Boost)  
  31  3:10  Probe (Chrono Boost)  
  31  3:11  Robotics Facility  
  32  3:15  Forge  
  32  3:21  Probe (Chrono Boost)  
  33  3:31  Probe (Chrono Boost)  
  34  3:42  Probe (Chrono Boost)  
  35  3:48  Protoss Ground Weapons Level 1 (Chrono Boost)  
  35  3:52  Probe (Chrono Boost)  
  36  4:03  Probe (Chrono Boost)  
  36  4:08  Warp Prism (Chrono Boost)  
  41  4:13  Twilight Council, Probe  
  40  4:17  Probe  
  41  4:27  Probe  
  41  4:29  Probe  
  43  4:31  Adept  
  45  4:43  Pylon  
  45  4:47  Observer  
  46  5:00  Gateway  
  46  5:02  Gateway x2  
  46  5:04  Gateway, Resonating Glaives (Chrono Boost)  
  46  5:05  Gateway  
  46  5:07  Gateway  
  46  5:09  Gateway  
  46  5:13  Gateway  
  46  5:17  Pylon  
  46  5:32  Adept  
  45  5:44  Pylon  
  45  5:54  Gateway  
  45  5:55  Gateway x2  
  45  5:58  Gateway  
  45  6:04  Warp Prism  
  45  6:08  Gateway  
  45  6:09  Gateway  
  47  6:19  Adept x4  
  55  6:25  Pylon  
  55  6:30  Adept x2  
  59  6:33  Pylon  
  48  7:26  Adept x4  
  48  7:27  Adept x7  
  48  7:28  Adept x2  
  58  7:59  Adept x2  
  58  8:00  Adept x3  
  58  8:03  Adept  
  64  8:09  Adept  
  51  8:50  Probe  
  51  8:51  Probe  
  53  9:09  Probe  
  53  9:10  Probe  
  51  9:28  Adept x5  
  51  9:29  Adept  
  30  9:55  Adept x4  
  30  9:56  Adept x2  
  30  9:57  Adept x2  
  45  10:02  Adept x4  
Tags
 
Add a new tag
Caveats
  • Supply blocks, unpowered buildings, or Contaminate may cause inaccurate times.
  • Supply counts are checked every 10 seconds.